Map: [ESL] Dynasty

Players

trigger - Winner!

  • Race: Protoss Protoss
  • Spawn Location: 1:00

Dolan

  • Race: Terran Terran
  • Spawn Location: 7:00

Event: ESL SC2 Masters 2024 Spring (Regional)

VOD

Have the link to the VOD?

Description

Time

  • Played on: April 12, 2024, 4:47 p.m.
  • Length: 8:52

All games in this series

Show
View Real Time Build Order
Export as new Build Order

trigger Protoss - Winner!

Build Orders: 1 Gate Expand, Blink Stalkers 

Get SALT Encoding   

  12  0:00  Probe  
  13  0:12  Probe  
  14  0:16  Pylon  
  14  0:24  Probe (Chrono Boost)  
  16  0:35  Gateway  
  16  0:36  Probe (Chrono Boost)  
  16  0:42  Probe (Chrono Boost)  
  16  0:44  Assimilator  
  17  0:51  Probe  
  18  1:03  Probe  
  19  1:15  Probe  
  20  1:22  Cybernetics Core  
  20  1:30  Nexus  
  20  1:36  Assimilator  
  20  1:38  Probe  
  21  1:47  Pylon  
  21  1:50  Probe  
  22  1:59  Warp Gate  
  22  2:02  Probe  
  22  2:04  Stalker (Chrono Boost)  
  25  2:14  Probe  
  26  2:21  Twilight Council  
  26  2:26  Adept  
  26  2:27  Probe  
  29  2:37  Shield Battery  
  29  2:43  Probe (Chrono Boost)  
  31  2:48  Probe (Chrono Boost)  
  32  2:52  Probe (Chrono Boost)  
  32  2:55  Probe (Chrono Boost)  
  32  2:56  Stalker  
  32  2:57  Blink (Chrono Boost)  
  35  2:58  Probe  
  36  3:06  Probe  
  36  3:10  Gateway  
  37  3:13  Probe  
  38  3:20  Probe, Pylon  
  38  3:25  Probe  
  40  3:28  Gateway  
  40  3:32  Probe  
  42  3:44  Gateway  
  42  3:47  Robotics Facility  
  41  3:50  Stalker  
  43  3:56  Pylon  
  43  3:58  Shield Battery  
  41  4:04  Probe x2  
  41  4:06  Stalker  
  45  4:13  Stalker  
  47  4:21  Probe  
  47  4:22  Pylon  
  40  4:33  Pylon  
  38  4:39  Stalker  
  38  4:41  Stalker x2  
  42  4:47  Stalker  
  42  4:52  Probe (Chrono Boost)  
  41  4:53  Probe (Chrono Boost)  
  42  5:04  Stalker, Probe (Chrono Boost)  
  42  5:05  Probe (Chrono Boost)  
  46  5:09  Probe (Chrono Boost), Stalker x2  
  51  5:15  Stalker  
  51  5:18  Assimilator  
  51  5:21  Probe  
  54  5:27  Observer (Chrono Boost)  
  54  5:29  Probe  
  54  5:33  Probe  
  56  5:40  Observer (Chrono Boost)  
  56  5:42  Probe  
  58  5:52  Pylon  
  58  5:54  Nexus  
  58  5:56  Charge  
  58  6:00  Probe x2  
  60  6:07  Pylon  
  60  6:08  Stalker  
  60  6:09  Stalker  
  64  6:17  Probe  
  65  6:20  Probe  
  61  6:31  Probe (Chrono Boost)  
  61  6:32  Probe (Chrono Boost)  
  62  6:36  Forge  
  62  6:38  Gateway  
  62  6:41  Gateway  
  64  6:47  Probe x2 (Chrono Boost)  
  64  6:50  Zealot x4  
  72  6:54  Shield Battery  
  72  6:57  Probe x2 (Chrono Boost)  
  74  7:08  Probe (Chrono Boost)  
  75  7:09  Probe x2 (Chrono Boost)  
  75  7:12  Sentry  
  75  7:13  Sentry  
  81  7:17  Probe (Chrono Boost)  
  81  7:18  Probe x2 (Chrono Boost)  
  81  7:22  Probe (Chrono Boost)  
  84  7:23  Probe  
  84  7:27  Robotics Bay  
  85  7:33  Zealot x3  
  85  7:35  Pylon  
  85  7:36  Gateway  
  91  7:39  Zealot  
  91  7:44  Zealot x2  
  91  7:50  Immortal (Chrono Boost)  
  95  7:55  Zealot  
  95  7:56  Zealot x2  
  105  8:00  Pylon  
  105  8:02  Zealot  
  107  8:11  Zealot  
  109  8:18  Pylon  
  109  8:19  Pylon  
  108  8:26  Zealot  
  108  8:27  Zealot x3  
  116  8:38  Zealot x2  
  116  8:40  Zealot  
  124  8:47  Zealot x3  
  124  8:48  Zealot  
Show
View Real Time Build Order
Export as new Build Order

Dolan Terran 

Build Orders: 1/1/1 

Get SALT Encoding   

  12  0:00  SCV  
  13  0:12  SCV  
  14  0:16  Supply Depot  
  14  0:24  SCV  
  15  0:38  SCV  
  16  0:43  Barracks  
  16  0:45  Refinery  
  16  0:50  SCV  
  16  0:51  Refinery  
  17  1:02  SCV  
  18  1:14  SCV  
  19  1:30  Reaper, Orbital Command  
  20  1:35  Supply Depot  
  20  1:41  Factory  
  20  1:57  SCV  
  21  2:02  Barracks Tech Lab  
  21  2:09  SCV  
  22  2:21  SCV, Marauder  
  25  2:24  Supply Depot  
  25  2:26  Hellion  
  25  2:27  Starport  
  27  2:33  SCV  
  27  2:35  Concussive Shells  
  28  2:45  Marauder  
  28  2:46  SCV  
  28  2:47  Hellion  
  33  3:01  Supply Depot  
  33  3:04  Medivac  
  35  3:05  Armory  
  35  3:09  Marauder  
  37  3:15  Hellion  
  39  3:37  Command Center  
  39  3:50  Barracks Reactor  
  39  3:51  SCV  
  40  4:00  Cloaking Field  
  40  4:01  Banshee  
  40  4:02  Factory Tech Lab  
  43  4:09  SCV  
  39  4:45  SCV  
  40  4:47  Banshee  
  40  4:48  Siege Tank, Marine x2  
  40  4:50  Orbital Command  
  42  4:53  Refinery  
  42  4:57  SCV  
  39  5:04  Barracks  
  39  5:05  Barracks  
  39  5:09  SCV, Marine x2  
  42  5:17  Supply Depot  
  42  5:21  Engineering Bay  
  42  5:25  SCV x2  
  44  5:30  Siege Tank  
  47  5:37  Marine x2  
  47  5:39  SCV  
  47  5:40  SCV  
  51  5:47  Starport Reactor  
  51  5:54  SCV x2  
  53  6:01  Barracks  
  53  6:02  Siege Tank, Barracks  
  53  6:11  Barracks Tech Lab, Marine x2  
  52  6:12  Stimpack, Marauder  
  51  6:29  Marine x2  
  51  6:30  SCV x2, Marauder  
  57  6:35  Combat Shield  
  57  6:44  SCV, Factory Reactor  
  57  6:45  SCV  
  59  6:52  Barracks Reactor  
  58  6:57  Medivac x2  
  58  6:58  Marine  
  58  7:00  Marine x2  
  58  7:01  Marauder  
  64  7:09  SCV x2  
  64  7:13  Marauder  
  68  7:18  Marauder  
  70  7:25  Marine  
  70  7:26  Supply Depot  
  68  7:33  Marine x2, Marauder  
  68  7:35  Marauder  
  74  7:37  SCV x2  
  74  7:39  Marauder  
  78  7:47  Marine  
  78  7:55  Marine x2, Marauder  
  78  7:56  Marauder  
  78  7:57  Medivac  
  86  8:02  Medivac  
  86  8:04  Widow Mine  
Tags
 
Add a new tag
Caveats
  • Supply blocks, unpowered buildings, or Contaminate may cause inaccurate times.
  • Supply counts are checked every 10 seconds.